[Event "European Individual Women's Chess Championship 2017"]
[Site "Riga LAT"]
[Date "2017.04.21"]
[Round "10.1"]
[White "Dzagnidze, Nana"]
[Black "Socko, Monika"]
[Result "1-0"]
[LiveChessVersion "1.4.8"]
[BlackElo "2462"]
[WhiteElo "2528"]
[ECO "A13"]
[TimeControl "40/5400:1800+30"]

1. Nf3 Nf6 2. c4 e6 3. g3 d5 4. Bg2 dxc4 5. O-O Nbd7 6. Na3 Bxa3 7. bxa3 O-O 8. Qc2 a6 9. a4 c5 10. Qxc4 Rb8 11. d4 b5 12. Qc2 Bb7 13. dxc5 Be4 14. Qc3 b4 15. Qd4 e5 16. Nxe5 Bxg2 17. Kxg2 Nxe5 18. Qxe5 Re8 19. Qd6 Qa5 20. Bb2 Rbd8 21. Qb6 Qxa4 22. Bxf6 gxf6 23. Qxf6 Rd5 24. Qf3 Rxc5 25. Qg4+ Kf8 26. Qd4 Qc6+ 27. Kg1 Rxe2 28. Rae1 Re6 29. Rxe6 fxe6 30. Qxb4 Kf7 31. Rd1 h5 32. h4 Kg6 33. Qf4 a5 34. Kh2 Rf5 35. Qe3 Qc4 36. a3 Qc6 37. Rd8 Qc4 38. Rh8 Kf6 39. Rf8+ Kg6 40. Rxf5 Kxf5 41. Qg5+ Ke4 42. Qf4+ Kd3 43. Qxc4+ Kxc4 44. g4 1-0

[Event "European Individual Women's Chess Championship 2017"]
[Site "Riga LAT"]
[Date "2017.04.21"]
[Round "10.2"]
[White "Hoang, Thanh Trang"]
[Black "Goryachkina, Aleksandra"]
[Result "1/2-1/2"]
[LiveChessVersion "1.4.8"]
[BlackElo "2452"]
[WhiteElo "2459"]
[ECO "D00"]
[TimeControl "40/5400:1800+30"]

1. d4 d5 2. Bf4 Nf6 3. e3 c5 4. Nf3 Nc6 5. c3 e6 6. Nbd2 Bd6 7. Bg3 O-O 8. Bd3 b6 9. O-O Bb7 10. Qe2 Bxg3 11. hxg3 Qd6 12. dxc5 Qxc5 13. e4 dxe4 14. Nxe4 Nxe4 15. Qxe4 g6 16. Rad1 Qe7 17. Qe3 Rfd8 18. Rd2 Rd5 19. Rfd1 Rad8 20. Be4 Rxd2 21. Rxd2 Rxd2 22. Qxd2 Na5 23. Qd4 Bxe4 24. Qxe4 Nb7 25. g4 Nc5 26. Qa8+ Kg7 27. b4 Nd3 28. Qe4 Qd6 29. g5 a5 30. a3 Qd5 31. Qd4+ Qxd4 32. Nxd4 Ne5 33. Kf1 Nc4 34. Nb5 f6 35. gxf6+ Kxf6 36. Ke2 Ke5 37. Kd3 Nb2+ 38. Kc2 Nc4 39. Kd3 Nb2+ 40. Kc2 Nc4 41. Kd3 1/2-1/2

[Event "European Individual Women's Chess Championship 2017"]
[Site "Riga LAT"]
[Date "2017.04.21"]
[Round "10.3"]
[White "Kashlinskaya, Alina"]
[Black "Muzychuk, Mariya"]
[Result "1/2-1/2"]
[LiveChessVersion "1.4.8"]
[BlackElo "2546"]
[WhiteElo "2426"]
[ECO "E32"]
[TimeControl "40/5400:1800+30"]

1. d4 Nf6 2. c4 e6 3. Nc3 Bb4 4. Qc2 O-O 5. a3 Bxc3+ 6. Qxc3 d5 7. Nf3 dxc4 8. Qxc4 b6 9. Bg5 Ba6 10. Qa4 Qd7 11. Qc2 c5 12. dxc5 bxc5 13. Bxf6 gxf6 14. Qxc5 Rc8 15. Qh5 Qb7 16. Qg4+ Kf8 17. Qd4 e5 18. Qd2 Nc6 19. g3 Rd8 20. Qh6+ Ke7 21. Bg2 Bxe2 22. Nxe5 fxe5 23. Qg5+ Kf8 24. Qh6+ Ke7 25. Qg5+ Kf8 26. Qh6+ 1/2-1/2

[Event "European Individual Women's Chess Championship 2017"]
[Site "Riga LAT"]
[Date "2017.04.21"]
[Round "10.4"]
[White "Paehtz, Elisabeth"]
[Black "Danielian, Elina"]
[Result "1/2-1/2"]
[LiveChessVersion "1.4.8"]
[BlackElo "2437"]
[WhiteElo "2454"]
[ECO "A64"]
[TimeControl "40/5400:1800+30"]

1. d4 Nf6 2. c4 e6 3. g3 c5 4. d5 exd5 5. cxd5 d6 6. Nc3 g6 7. Bg2 Bg7 8. Nf3 O-O 9. O-O a6 10. a4 Re8 11. Nd2 Nbd7 12. h3 Rb8 13. Nc4 Ne5 14. Na3 Nh5 15. e4 c4 16. Be3 Bd7 17. a5 Rc8 18. g4 Nf6 19. Bb6 Qe7 20. Qd2 h5 21. g5 Nh7 22. f4 Nd3 23. Be3 f5 24. gxf6 Nxf6 25. Nc2 h4 26. Bd4 1/2-1/2

[Event "European Individual Women's Chess Championship 2017"]
[Site "Riga LAT"]
[Date "2017.04.21"]
[Round "10.6"]
[White "Bulmaga, Irina"]
[Black "Lagno, Kateryna"]
[Result "0-1"]
[LiveChessVersion "1.4.8"]
[BlackElo "2543"]
[WhiteElo "2394"]
[ECO "B66"]
[TimeControl "40/5400:1800+30"]

1. e4 c5 2. Nf3 d6 3. d4 cxd4 4. Nxd4 Nf6 5. Nc3 Nc6 6. Bg5 e6 7. Qd2 a6 8. O-O-O Be7 9. f3 Nxd4 10. Qxd4 b5 11. h4 Bb7 12. Kb1 O-O 13. g4 Rc8 14. a3 d5 15. e5 Nd7 16. Qe3 Bc5 17. Qe1 Qc7 18. f4 b4 19. axb4 Bxb4 20. Rh3 Qa5 21. Rdd3 Nc5 22. Rd2 Na4 23. Nxa4 Bxd2 24. Qd1 Bxf4 25. Bxf4 Qxa4 26. Bc1 d4 27. Bd3 Bd5 28. b3 Qc6 29. h5 Be4 30. h6 Rc7 31. hxg7 Rfc8 32. Rh2 Qd5 33. Bb2 Qxe5 34. Re2 Bxd3 35. Qxd3 Qxg7 36. Bxd4 Rd8 37. Bxg7 Rxd3 38. Be5 Rd1+ 39. Kb2 Rc5 40. Re4 f5 41. gxf5 exf5 42. Re2 Kf7 43. b4 Rc4 44. Bc3 h5 45. Re5 Rf1 46. Kb3 Rc6 47. Rd5 Rf3 0-1

[Event "European Individual Women's Chess Championship 2017"]
[Site "Riga LAT"]
[Date "2017.04.21"]
[Round "10.7"]
[White "Osmak, Iulija"]
[Black "Pogonina, Natalija"]
[Result "0-1"]
[LiveChessVersion "1.4.8"]
[BlackElo "2478"]
[WhiteElo "2348"]
[ECO "C78"]
[TimeControl "40/5400:1800+30"]

1. e4 e5 2. Nf3 Nc6 3. Bb5 a6 4. Ba4 Nf6 5. O-O b5 6. Bb3 Bb7 7. d3 Be7 8. Nc3 O-O 9. Bd2 d6 10. Nd5 Nxd5 11. Bxd5 Qc8 12. Re1 Bf6 13. c3 Ne7 14. Bxb7 Qxb7 15. h4 c5 16. Nh2 Nc6 17. g3 Qd7 18. Ng4 Bd8 19. a4 b4 20. Ne3 Rb8 21. Qg4 Qxg4 22. Nxg4 bxc3 23. bxc3 c4 24. dxc4 Na5 25. Ne3 Bb6 26. Nd5 Nxc4 27. Re2 Bc5 28. Be3 Nxe3 29. Nxe3 Rb3 30. Nd5 Rb7 31. Raa2 Rfb8 32. Kf1 f6 33. Red2 Kf7 34. Ke2 Ke6 35. Rd3 f5 36. exf5+ Kxf5 37. Nb4 Bxb4 38. cxb4 Ke6 39. Rad2 Rd8 40. Rb3 Rdb8 41. Rbd3 Rd8 42. Rb3 Rc8 43. Kd3 d5 44. f3 Rf7 45. Ke3 Rc4 46. Ra2 e4 47. Rf2 h5 48. b5 Rxa4 49. bxa6 Rxa6 50. f4 Rfa7 51. Rc2 Ra3 52. Rcc3 Rxb3 53. Rxb3 Ra4 54. Rb6+ Kf5 55. Rd6 Ra3+ 56. Kf2 Rd3 57. Rd7 d4 58. Rxg7 Rd2+ 59. Ke1 e3 60. Rg5+ Ke4 61. Rxh5 Ra2 62. Re5+ Kf3 63. Kd1 d3 0-1

[Event "European Individual Women's Chess Championship 2017"]
[Site "Riga LAT"]
[Date "2017.04.21"]
[Round "10.8"]
[White "Bodnaruk, Anastasia"]
[Black "Nechaeva, Marina"]
[Result "0-1"]
[LiveChessVersion "1.4.8"]
[BlackElo "2395"]
[WhiteElo "2446"]
[ECO "B18"]
[TimeControl "40/5400:1800+30"]

1. e4 c6 2. d4 d5 3. Nc3 dxe4 4. Nxe4 Bf5 5. Ng3 Bg6 6. h4 h6 7. Nf3 Nf6 8. h5 Bh7 9. Bd3 Bxd3 10. Qxd3 e6 11. Bd2 Be7 12. O-O-O O-O 13. Qe2 c5 14. dxc5 Qc7 15. Ne5 Qxc5 16. Nd3 Qc4 17. b3 Qc7 18. Qe5 Rc8 19. Qxc7 Rxc7 20. Bf4 Rc8 21. Be5 Nbd7 22. Bb2 b5 23. Kb1 Rc7 24. Ne5 Nb6 25. Rd2 Rac8 26. f4 Nbd5 27. Nd3 a6 28. Re2 Nc3+ 29. Bxc3 Rxc3 30. Rd2 R3c7 31. Rc1 Nd5 32. Ne2 Ba3 33. Re1 Rd8 34. Red1 Ne3 35. Ne5 Rxd2 36. Rxd2 Nxg2 37. c3 Be7 38. Rd3 Nh4 39. Nd4 Bf6 40. Kb2 Kh7 41. Rd2 g6 42. a4 bxa4 43. bxa4 gxh5 44. Kb3 Ng6 45. Nxg6 Kxg6 46. Rg2+ Kh7 47. Ne2 h4 48. Rg1 Rd7 49. Kc2 Be7 50. Nc1 Rd8 51. Nd3 Rg8 52. Rh1 Rg2+ 53. Kb3 Kg6 54. c4 Kf5 55. c5 Ke4 56. Kc4 Rc2+ 57. Kb3 Rd2 58. Ne5 Bxc5 59. Rxh4 f6 60. Ng6 Bg1 61. Rxh6 Rh2 62. Nh4 Bd4 63. Kc4 Rc2+ 64. Kb3 Rb2+ 65. Ka3 Rh2 66. Kb4 Kxf4 67. Kc4 Ke4 68. a5 e5 69. Rxf6 Rxh4 70. Rxa6 Rh1 71. Re6 Rc1+ 72. Kb5 Kd3 73. a6 Rb1+ 74. Ka5 Kc4 75. Rc6+ Bc5 0-1

[Event "European Individual Women's Chess Championship 2017"]
[Site "Riga LAT"]
[Date "2017.04.21"]
[Round "10.9"]
[White "Unuk, Laura"]
[Black "Khotenashvili, Bela"]
[Result "1/2-1/2"]
[LiveChessVersion "1.4.8"]
[BlackElo "2445"]
[WhiteElo "2275"]
[ECO "A50"]
[TimeControl "40/5400:1800+30"]

1. d4 Nf6 2. c4 b6 3. Nf3 Bb7 4. Nc3 e6 5. g3 Bb4 6. Bd2 c5 7. Bg2 cxd4 8. Nb5 Bc5 9. O-O e5 10. b4 a6 11. Na3 Bd6 12. Nxd4 Bxg2 13. Nf5 Bxf1 14. Nxd6+ Kf8 15. Kxf1 Nc6 16. b5 Qe7 17. Nf5 Qe6 18. Qb1 g6 19. Bh6+ Kg8 20. Bg7 gxf5 21. Bxh8 Kxh8 22. bxc6 Qxc6 23. Kg1 Ne4 24. Qd3 Qe6 25. Nc2 Nc5 26. Qf3 Rg8 27. Ne3 f4 28. Nd5 b5 29. cxb5 axb5 30. Rb1 Qc6 31. Rd1 Rg6 32. Qc3 fxg3 33. Qxe5+ f6 34. Qe8+ Kg7 35. hxg3 Qe6 36. Qxe6 dxe6 37. Nc7 Rg4 38. Nxb5 Rb4 39. Nd4 Kf7 40. Rc1 Rxd4 41. Rxc5 Rd2 42. Rc7+ Kg6 43. e4 Rxa2 44. Kg2 1/2-1/2

[Event "European Individual Women's Chess Championship 2017"]
[Site "Riga LAT"]
[Date "2017.04.21"]
[Round "10.10"]
[White "Galliamova, Alisa"]
[Black "Zimina, Olga"]
[Result "1-0"]
[LiveChessVersion "1.4.8"]
[BlackElo "2395"]
[WhiteElo "2444"]
[ECO "A43"]
[TimeControl "40/5400:1800+30"]

1. d4 c5 2. d5 g6 3. e4 Bg7 4. h4 d6 5. h5 e5 6. dxe6 Bxe6 7. Ne2 Nc6 8. Nbc3 Qd7 9. h6 Be5 10. Bf4 O-O-O 11. Qd2 f5 12. O-O-O Nf6 13. exf5 gxf5 14. Bg5 Qf7 15. f4 Bxc3 16. Nxc3 d5 17. Bb5 Nd4 18. Qe3 a6 19. Rxd4 axb5 20. Nxb5 cxd4 21. Qa3 Ne4 22. Qa8+ Kd7 23. Qxb7+ Ke8 24. Nc7+ Kd7 25. Nb5+ Ke8 26. Nc7+ Kd7 27. Nxd5+ Ke8 28. Nc7+ Kd7 29. Nd5+ Ke8 30. Nc7+ Kd7 31. Rd1 Rb8 32. Rxd4+ Nd6 33. Rxd6+ Kxd6 34. Nb5+ Kc5 35. Be7+ Qxe7 36. Qxe7+ Kxb5 37. Qxe6 Rbf8 38. b3 Rhg8 39. a4+ Ka5 40. Kb2 Rb8 41. Qxf5+ Ka6 42. Qxh7 Rg3 43. Qe4 Rgg8 44. h7 Rge8 45. Qc4+ Ka5 46. g4 Rec8 47. Qd5+ Ka6 48. g5 1-0

[Event "European Individual Women's Chess Championship 2017"]
[Site "Riga LAT"]
[Date "2017.04.21"]
[Round "10.11"]
[White "Zhukova, Natalia"]
[Black "Brunello, Marina"]
[Result "1-0"]
[LiveChessVersion "1.4.8"]
[BlackElo "2354"]
[WhiteElo "2438"]
[ECO "A11"]
[TimeControl "40/5400:1800+30"]

1. c4 c6 2. e4 e5 3. Nf3 d6 4. d4 Nd7 5. Nc3 Ngf6 6. Be2 Be7 7. O-O O-O 8. Qc2 a5 9. Be3 exd4 10. Nxd4 Nc5 11. Rad1 Qc7 12. h3 Re8 13. f4 Bf8 14. Bf3 Nfd7 15. Bf2 Ne6 16. Nde2 g6 17. Qd2 Nec5 18. b3 Qb6 19. Rb1 Qc7 20. Rfd1 Nf6 21. Bxc5 dxc5 22. e5 Nd7 23. Ne4 Bg7 24. N2c3 Re7 25. Qf2 f6 26. Qh4 g5 27. fxg5 fxg5 28. Nxg5 Bxe5 29. Bd5+ cxd5 30. Nxd5 Qd6 31. Ne4 Bh2+ 32. Kh1 Rxe4 33. Qxe4 Be5 34. Rf1 Nf8 35. Nb6 Qxb6 36. Qxe5 Qh6 37. Rf3 Qg7 38. Rg3 Ng6 39. Qxc5 Bd7 40. Qd5+ Qf7 41. Qxb7 Rf8 42. Rd1 1-0

[Event "European Individual Women's Chess Championship 2017"]
[Site "Riga LAT"]
[Date "2017.04.21"]
[Round "10.12"]
[White "Gaponenko, Inna"]
[Black "Ambartsumova, Karina"]
[Result "1-0"]
[LiveChessVersion "1.4.8"]
[BlackElo "2282"]
[WhiteElo "2416"]
[ECO "B47"]
[TimeControl "40/5400:1800+30"]

1. e4 c5 2. Nf3 Nc6 3. d4 cxd4 4. Nxd4 e6 5. Nc3 Qc7 6. Be2 Nf6 7. O-O Be7 8. Be3 O-O 9. f4 d6 10. Kh1 Nxd4 11. Qxd4 b6 12. f5 e5 13. Qd3 Bb7 14. Bf3 Rac8 15. g4 h6 16. g5 hxg5 17. Bxg5 Qc4 18. Rg1 Qxd3 19. cxd3 Rfd8 20. Rg3 Rc7 21. Rag1 Kf8 22. Rh3 Ng8 23. Rh8 Bxg5 24. Rxg5 f6 25. Rg3 Bc6 26. Bd1 Be8 27. h4 Bf7 28. h5 Rdc8 29. Bb3 Bxb3 30. axb3 Kf7 31. Rh7 Kf8 32. Kg2 Nh6 33. Kf2 Ng8 34. Nd5 Rd7 1-0

[Event "European Individual Women's Chess Championship 2017"]
[Site "Riga LAT"]
[Date "2017.04.21"]
[Round "10.13"]
[White "Buksa, Nataliya"]
[Black "Stefanova, Antoaneta"]
[Result "1/2-1/2"]
[LiveChessVersion "1.4.8"]
[BlackElo "2527"]
[WhiteElo "2314"]
[ECO "C95"]
[TimeControl "40/5400:1800+30"]

1. e4 e5 2. Nf3 Nc6 3. Bb5 a6 4. Ba4 Nf6 5. O-O Be7 6. Re1 b5 7. Bb3 d6 8. c3 O-O 9. h3 Nb8 10. d4 Nbd7 11. Nbd2 Bb7 12. Bc2 Re8 13. Nf1 Bf8 14. Ng3 g6 15. a4 Nb6 16. a5 Nbd7 17. b3 c6 18. Nh2 Bg7 19. dxe5 dxe5 20. Be3 Qc7 21. Ng4 Nxg4 22. hxg4 c5 23. g5 Nf8 24. Qg4 Bc8 25. Qh4 Qe7 26. Nf1 h6 27. Nh2 Ne6 28. Nf3 hxg5 29. Nxg5 Nf8 30. Qg3 f6 31. Nf3 g5 32. Nh2 Be6 33. f3 Ng6 34. Qf2 Bf8 35. g3 Rac8 36. Ng4 Nh8 37. Nh2 Qf7 38. Rab1 Qc7 39. Ra1 Ng6 40. Ng4 Bg7 41. Kg2 Kf7 42. Rh1 Rh8 43. Rxh8 Nxh8 44. Nh2 Ng6 45. Ng4 Ne7 46. Nh2 Nc6 47. Bxc5 Nxa5 48. Bb4 Nc6 49. Rxa6 Bd7 50. Ra2 Nxb4 51. cxb4 Qd6 52. Nf1 Qxb4 53. Ne3 Qd4 54. Nd5 Qxf2+ 55. Kxf2 Bf8 56. Bd3 Bc5+ 57. Kg2 g4 58. Rc2 gxf3+ 59. Kxf3 Ke6 60. b4 Bf8 61. Rxc8 Bxc8 62. Bxb5 f5 63. Bc4 fxe4+ 64. Kxe4 Bb7 65. b5 Kd6 66. Ba2 Be7 67. Bb3 Bd8 68. g4 Ke6 69. Bc4 Kd6 70. Bb3 Bh4 71. Ba2 1/2-1/2

[Event "European Individual Women's Chess Championship 2017"]
[Site "Riga LAT"]
[Date "2017.04.21"]
[Round "10.14"]
[White "Batsiashvili, Nino"]
[Black "Pustovoitova, Daria"]
[Result "0-1"]
[LiveChessVersion "1.4.8"]
[BlackElo "2411"]
[WhiteElo "2496"]
[ECO "E11"]
[TimeControl "40/5400:1800+30"]

1. d4 Nf6 2. c4 e6 3. Nf3 Bb4+ 4. Bd2 c5 5. Bxb4 cxb4 6. e3 O-O 7. Bd3 b6 8. Nbd2 Bb7 9. Qc2 h6 10. O-O d6 11. e4 Nc6 12. d5 Ne7 13. a3 bxa3 14. Rxa3 exd5 15. exd5 a5 16. Nd4 Nd7 17. f4 Kh8 18. Ne4 Nc5 19. Qc3 Nxe4 20. Bxe4 Re8 21. Bb1 Ng8 22. Nf5 Nf6 23. Qg3 Rg8 24. Re1 Bc8 25. Nd4 Bd7 26. Rae3 Qc7 27. Bd3 Qc5 28. Nb3 Qb4 29. Nd4 Qxb2 30. Nf3 Rge8 31. Ne5 dxe5 32. fxe5 Ng4 33. e6 Nxe3 34. exd7 Qd4 35. dxe8=Q+ Rxe8 36. Be2 Nc2+ 37. Kf1 Nxe1 38. Qxe1 Qf4+ 39. Kg1 Qxc4 40. Bxc4 Rxe1+ 41. Kf2 Rc1 42. Ba2 Kg8 43. Ke3 Kf8 44. d6 Rd1 0-1

[Event "European Individual Women's Chess Championship 2017"]
[Site "Riga LAT"]
[Date "2017.04.21"]
[Round "10.15"]
[White "Girya, Olga"]
[Black "Kovanova, Baira"]
[Result "1-0"]
[LiveChessVersion "1.4.8"]
[BlackElo "2376"]
[WhiteElo "2470"]
[ECO "E15"]
[TimeControl "40/5400:1800+30"]

1. d4 Nf6 2. c4 e6 3. Nf3 b6 4. g3 Bb4+ 5. Bd2 Bxd2+ 6. Qxd2 Ba6 7. b3 O-O 8. Nc3 d5 9. cxd5 exd5 10. Bg2 Qd6 11. Ne5 Nbd7 12. Nxd7 Qxd7 13. O-O Rfe8 14. Rfc1 Rac8 15. Rc2 Ne4 16. Nxe4 dxe4 17. Rac1 c6 18. Bf1 Qd5 19. Qf4 f5 20. h4 Re6 21. Rc3 Rf6 22. a4 Qd7 23. b4 Rcf8 24. b5 Bb7 25. e3 Rg6 26. Be2 Kh8 27. h5 Rgf6 28. Kg2 Qd5 29. Qe5 cxb5 30. Qxd5 Bxd5 31. axb5 Kg8 32. Rc7 R6f7 33. Rxf7 Rxf7 34. g4 g6 35. g5 Rd7 36. Rc8+ Kf7 37. h6 Ke7 38. Kg3 Kd6 39. Kf4 Be6 40. Rc6+ Ke7 41. Bc4 Bxc4 42. Rxc4 Kd8 43. Ke5 Re7+ 44. Kf6 Rd7 45. Rc6 Rb7 46. d5 Rd7 47. d6 Rb7 48. Rc7 1-0

[Event "European Individual Women's Chess Championship 2017"]
[Site "Riga LAT"]
[Date "2017.04.21"]
[Round "10.16"]
[White "Mammadova, Gulnar"]
[Black "Javakhishvili, Lela"]
[Result "1/2-1/2"]
[LiveChessVersion "1.4.8"]
[BlackElo "2456"]
[WhiteElo "2357"]
[ECO "B08"]
[TimeControl "40/5400:1800+30"]

1. e4 d6 2. d4 Nf6 3. Nc3 g6 4. Nf3 Bg7 5. Be2 O-O 6. O-O Bg4 7. h3 Bxf3 8. Bxf3 Nc6 9. d5 Ne5 10. Be2 c6 11. Be3 Qa5 12. f4 Ned7 13. Bf3 Rfc8 14. dxc6 bxc6 15. a3 Rab8 16. b4 Qc7 17. Qe1 Nb6 18. Be2 Re8 19. Rd1 Nbd7 20. h4 a5 21. Rb1 axb4 22. axb4 e5 23. f5 d5 24. Qg3 Qd6 25. fxg6 fxg6 26. exd5 cxd5 27. Rfd1 Qc6 28. Ba7 Rbc8 29. Nb5 Qxc2 30. Bd3 Qa4 31. Bf2 Re7 32. Qg5 e4 33. Be2 e3 34. Bg3 Qc2 35. Nd4 Qe4 36. Bd6 h6 37. Qg3 Nh5 38. Bxh5 Bxd4 39. Bxg6 e2+ 40. Kh2 Be5 41. Bxe5 Qxe5 42. Re1 Rc4 43. Bf5+ Qxg3+ 44. Kxg3 Nf6 45. Rb3 Ne4+ 46. Bxe4 Rexe4 47. b5 Kg7 48. Kf2 Rb4 49. Rxb4 Rxb4 50. Rxe2 Rxb5 51. Re6 Rb3 52. Rd6 Rd3 53. h5 d4 54. Rg6+ Kh7 55. Rg4 Rd1 56. Ke2 1/2-1/2

[Event "European Individual Women's Chess Championship 2017"]
[Site "Riga LAT"]
[Date "2017.04.21"]
[Round "10.17"]
[White "Ziaziulkina, Nastassia"]
[Black "Cramling, Pia"]
[Result "0-1"]
[LiveChessVersion "1.4.8"]
[BlackElo "2452"]
[WhiteElo "2387"]
[ECO "B41"]
[TimeControl "40/5400:1800+30"]

1. e4 c5 2. Nf3 e6 3. d4 cxd4 4. Nxd4 a6 5. c4 Nf6 6. Nc3 Bb4 7. Qd3 Qc7 8. a3 Bxc3+ 9. Qxc3 O-O 10. Bd3 d6 11. O-O e5 12. Nc2 Be6 13. Bg5 Nbd7 14. Ne3 h6 15. Bh4 Rfc8 16. Qd2 g5 17. Bg3 Nc5 18. Qc2 b5 19. cxb5 axb5 20. Bxb5 Nb3 21. Qxc7 Rxc7 22. Rad1 Nxe4 23. Nd5 Rc5 24. Bc6 Ra7 25. Ne7+ Rxe7 26. Bxe4 f5 27. Bb1 f4 28. Rxd6 fxg3 29. hxg3 Kg7 30. f4 Rd5 31. fxe5 Rxe5 32. Bc2 Na5 33. b4 Nc4 34. Ra6 Ne3 35. Re1 Bc4 36. Ra5 Rxa5 37. bxa5 Kf6 38. Ba4 Bd5 39. Re2 Bc4 40. Re1 Bd5 41. Re2 Nc4 42. Rf2+ Ke5 43. Bb3 Rb7 44. Ba2 Ra7 45. g4 Ne3 46. Re2 Bxa2 47. Rxe3+ Kf4 48. Re2 Bd5 49. Rd2 Rxa5 50. Rd4+ Kg3 51. a4 Rc5 52. Rd1 Be4 53. Re1 Bxg2 54. Re3+ Bf3 0-1

[Event "European Individual Women's Chess Championship 2017"]
[Site "Riga LAT"]
[Date "2017.04.21"]
[Round "10.18"]
[White "Golubenko, Valentina"]
[Black "Zawadzka, Jolanta"]
[Result "1-0"]
[LiveChessVersion "1.4.8"]
[BlackElo "2449"]
[WhiteElo "2271"]
[ECO "E04"]
[TimeControl "40/5400:1800+30"]

1. d4 d5 2. c4 e6 3. Nf3 Nf6 4. g3 dxc4 5. Bg2 a6 6. a4 c5 7. Nbd2 cxd4 8. Nxc4 Nc6 9. O-O Bc5 10. Qb3 O-O 11. Rd1 Qe7 12. Bf4 Nd7 13. Nfe5 Ncxe5 14. Nxe5 Rd8 15. Bxb7 Bxb7 16. Qxb7 Ra7 17. Qc6 Nb8 18. Qe4 Rb7 19. Rac1 Ba7 20. Nc6 Nxc6 21. Rxc6 a5 22. Rdc1 Rbd7 23. Bc7 Re8 24. Bxa5 d3 25. exd3 Rd4 26. Rc7 Qg5 27. Qc6 Rf8 28. Rxa7 Rxd3 29. Kg2 h5 30. Ra8 g6 31. Rxf8+ Kxf8 32. Qc5+ 1-0

[Event "European Individual Women's Chess Championship 2017"]
[Site "Riga LAT"]
[Date "2017.04.21"]
[Round "10.19"]
[White "Mkrtchian, Lilit"]
[Black "Lazarne Vajda, Szidonia"]
[Result "1/2-1/2"]
[LiveChessVersion "1.4.8"]
[BlackElo "2355"]
[WhiteElo "2425"]
[ECO "A34"]
[TimeControl "40/5400:1800+30"]

1. c4 c5 2. Nf3 Nf6 3. Nc3 d5 4. cxd5 Nxd5 5. e4 Nb4 6. Bb5+ Bd7 7. a3 N4c6 8. d4 cxd4 9. Nxd4 e6 10. O-O a6 11. Ba4 Nxd4 12. Qxd4 b5 13. Bb3 Nc6 14. Qd3 Qc7 15. Rd1 Rd8 16. Bg5 Be7 17. Bxe7 Nxe7 18. Qd6 Qxd6 19. Rxd6 Bc6 20. Rad1 Rxd6 21. Rxd6 O-O 22. f3 a5 23. Ne2 Rb8 24. Nd4 Be8 25. Bd1 g6 26. Kf2 Kf8 27. Ke3 a4 28. Ra6 e5 29. Ne2 Nc8 30. Nc3 Nb6 31. Be2 Nc4+ 32. Bxc4 bxc4 33. Nd1 c3 34. Nxc3 Rxb2 35. Ra8 Rb3 36. Kd2 Rxa3 37. Nd5 Ra2+ 38. Kd3 Rxg2 39. Nc7 Ke7 40. Nxe8 Rf2 41. Nc7 Rxf3+ 42. Kc4 Kf6 43. Rxa4 Rf2 44. Ra7 Kg5 45. Kd5 Rxh2 46. Kxe5 h5 47. Nd5 Rf2 48. Kd4 Rf1 49. Ke3 Re1+ 50. Kf3 f5 51. exf5 Rf1+ 52. Kg2 Rxf5 1/2-1/2

[Event "European Individual Women's Chess Championship 2017"]
[Site "Riga LAT"]
[Date "2017.04.21"]
[Round "10.20"]
[White "Fataliyeva, Ulviyya"]
[Black "Szczepkowska, Karina"]
[Result "0-1"]
[LiveChessVersion "1.4.8"]
[BlackElo "2414"]
[WhiteElo "2287"]
[ECO "C45"]
[TimeControl "40/5400:1800+30"]

1. e4 e5 2. Nf3 Nc6 3. d4 exd4 4. Nxd4 Bc5 5. Nxc6 Qf6 6. Qd2 dxc6 7. Nc3 Bd4 8. Bd3 Bd7 9. O-O Ne7 10. Kh1 Ng6 11. f4 O-O-O 12. Qe1 Kb8 13. Ne2 Bb6 14. a4 a6 15. Bd2 Qe7 16. Ra3 Nf8 17. f5 Bc8 18. Qg3 f6 19. b4 Nd7 20. c4 a5 21. c5 Ba7 22. Rc1 Ne5 23. Qe3 Qd7 24. Nf4 g5 25. Ne6 Nxd3 26. Nxd8 Rxd8 27. Rf1 axb4 28. Bxb4 Nxb4 29. Rb3 Nd3 0-1

[Event "European Individual Women's Chess Championship 2017"]
[Site "Riga LAT"]
[Date "2017.04.21"]
[Round "10.21"]
[White "Vega Gutierrez, Sabrina"]
[Black "Yildiz, Betul Cemre"]
[Result "1-0"]
[LiveChessVersion "1.4.8"]
[BlackElo "2367"]
[WhiteElo "2413"]
[ECO "C44"]
[TimeControl "40/5400:1800+30"]

1. e4 e5 2. Nf3 Nc6 3. d4 exd4 4. Nxd4 Nf6 5. Nxc6 bxc6 6. Qe2 Qe7 7. Nc3 Bb7 8. f3 d6 9. Be3 g6 10. O-O-O Bg7 11. g4 Nd7 12. Qd2 Nb6 13. h4 h5 14. Bd4 Bxd4 15. Qxd4 O-O-O 16. g5 c5 17. Qd2 Kb8 18. Nd5 Nxd5 19. exd5 Qd7 20. Qa5 c6 21. Bc4 Qf5 22. dxc6 Bxc6 23. Kb1 Rd7 24. Bb5 Bxb5 25. Qxb5+ Rb7 26. Qe2 Qf4 27. Rd5 Ka8 28. b3 c4 29. Qd1 cxb3 30. axb3 Rb6 31. Re1 Qb4 32. Re3 Rhb8 33. Qd4 Qa3 34. Qe4 R8b7 35. Qe8+ Rb8 36. Qe4 R8b7 37. Rc3 a6 38. Rc8+ Ka7 39. Qd4 Re7 40. Qf2 Qb4 41. Kb2 Kb7 42. Rc3 Rc6 43. Rxc6 Kxc6 44. Rd4 Qa5 45. f4 d5 46. f5 Qe1 47. Qf3 Re4 48. fxg6 fxg6 49. Rd3 Kd6 50. Qf6+ Re6 51. Qd8+ Kc6 52. Rc3+ 1-0

[Event "European Individual Women's Chess Championship 2017"]
[Site "Riga LAT"]
[Date "2017.04.21"]
[Round "10.22"]
[White "Mamedjarova, Zeinab"]
[Black "Atalik, Ekaterina"]
[Result "1/2-1/2"]
[LiveChessVersion "1.4.8"]
[BlackElo "2429"]
[WhiteElo "2322"]
[ECO "A46"]
[TimeControl "40/5400:1800+30"]

1. d4 Nf6 2. Nf3 e6 3. e3 b6 4. Bd3 Bb7 5. Nbd2 d5 6. O-O Bd6 7. Re1 O-O 8. e4 dxe4 9. Nxe4 Nxe4 10. Bxe4 Bxe4 11. Rxe4 Nd7 12. c4 Re8 13. b3 Nf6 14. Re2 e5 15. Bb2 e4 16. Nd2 Ng4 17. h3 Bh2+ 18. Kh1 Bf4 19. Qf1 Bxd2 20. Rxd2 Qd6 21. g3 Ne5 22. d5 Nd3 23. Bc3 c6 24. dxc6 Qxc6 25. f3 f5 26. g4 fxg4 27. Rg2 exf3 28. Rxg4 Ne5 29. Rg3 Rad8 30. Bxe5 Rxe5 31. Qxf3 Qxf3+ 32. Rxf3 Re2 33. a4 a5 34. Rc1 Rdd2 35. Kg1 Rg2+ 36. Kf1 Rh2 37. Kg1 Rdg2+ 38. Kf1 h5 39. c5 Rg6 40. Rcc3 Rh1+ 1/2-1/2

[Event "European Individual Women's Chess Championship 2017"]
[Site "Riga LAT"]
[Date "2017.04.21"]
[Round "10.23"]
[White "Skripchenko, Almira"]
[Black "Gvetadze, Sofio"]
[Result "0-1"]
[LiveChessVersion "1.4.8"]
[BlackElo "2292"]
[WhiteElo "2420"]
[ECO "B25"]
[TimeControl "40/5400:1800+30"]

1. e4 c5 2. Nc3 Nc6 3. g3 g6 4. Bg2 Bg7 5. d3 d6 6. Nh3 Nf6 7. O-O Nd4 8. Nf4 O-O 9. h3 Rb8 10. a4 a6 11. Nfd5 Ne8 12. Bg5 f6 13. Bd2 e6 14. Ne3 f5 15. a5 f4 16. gxf4 Nf6 17. f5 exf5 18. f4 Nh5 19. Ncd5 Ng3 20. Rf2 fxe4 21. dxe4 Qh4 22. c3 Ne6 23. Qg4 Qxg4 24. hxg4 Nxf4 25. Nxf4 Rxf4 26. Re1 Be5 27. Nc4 Rxg4 28. Nxe5 dxe5 29. Bh6 Bd7 30. Rd1 Ba4 31. b3 Bc6 32. Bh3 Rh4 33. Be6+ Kh8 34. Bg5 Rh1+ 35. Kg2 Nxe4 36. Kxh1 Nxf2+ 37. Kg1 Ne4 38. Bh6 Nxc3 39. Re1 Re8 40. Bf7 Re7 41. Bc4 Bd5 42. Bf1 Kg8 43. Rc1 Ne4 44. Rd1 Bxb3 45. Rd8+ Kf7 46. Rf8+ Ke6 47. Bh3+ Kd5 48. Bg2 Kd4 49. Rf3 Bc2 50. Be3+ Kc4 51. Rh3 Kb5 52. Rh4 Nd6 53. Bf1+ c4 54. Bb6 Bd3 0-1

[Event "European Individual Women's Chess Championship 2017"]
[Site "Riga LAT"]
[Date "2017.04.21"]
[Round "10.24"]
[White "Melia, Salome"]
[Black "Travkina, Anastasia"]
[Result "1-0"]
[LiveChessVersion "1.4.8"]
[BlackElo "2287"]
[WhiteElo "2400"]
[ECO "B94"]
[TimeControl "40/5400:1800+30"]

1. e4 c5 2. Nf3 d6 3. d4 Nf6 4. Nc3 cxd4 5. Nxd4 a6 6. Bg5 Nbd7 7. Qe2 h6 8. Bh4 g6 9. O-O-O Bg7 10. f4 Qc7 11. Kb1 O-O 12. Nf3 e5 13. f5 b5 14. g4 b4 15. Nd5 Nxd5 16. exd5 a5 17. g5 e4 18. Nd4 hxg5 19. Bxg5 a4 20. fxg6 Ne5 21. gxf7+ Qxf7 22. Rg1 Nf3 23. Nxf3 exf3 24. Qf2 Qh5 25. Be7 Rf7 26. Bxd6 b3 27. Bd3 a3 28. cxb3 axb2 29. Rg3 Bf5 30. Qxf3 Bxd3+ 31. Qxd3 Rd8 32. Ba3 Qe5 33. d6 Rc8 34. Rxg7+ Qxg7 35. Bxb2 Qg2 36. Qd4 Rf6 37. d7 Qc2+ 38. Ka1 Rd8 39. Rc1 1-0